 Dungeon Crawl Stone Soup version 0.30.1-11-g7821555f0a (webtiles) character file.

Game seed: 1473334218914688582

7 SacredBeard the Grave Robber (level 1, -1/13 HPs)
             Began as a Demonspawn Necromancer on Nov 4, 2023.
             Slain by a hobgoblin (3 damage)
             ... on level 1 of the Dungeon.
             The game lasted 00:00:56 (251 turns).

SacredBeard the Grave Robber (DsNe)                  Turns: 251, Time: 00:00:57

Health: -1/13      AC:  2    Str:  8    XL:     1   Next: 83%
Magic:  0/3        EV: 12    Int: 16    God:
Gold:   17         SH:  0    Dex: 13    Spells: 3/4 levels left

rFire   . . .        e - +0 dagger
rCold   . . .        (no shield)
rNeg    . . .        a - +0 robe
rPois   .            (no helmet)
rElec   .            (no cloak)
rCorr   .            (no gloves)
SInv    .            (no boots)
Will    .....        (no amulet)
Stlth   ++           (no ring)
HPRegen 0.22/turn    (no ring)
MPRegen 0.08/turn

%: no passive effects
@: no status effects
A: no striking features
a: no special abilities


You were on level 1 of the Dungeon.
You visited 1 branch of the dungeon, and saw 1 of its levels.

You collected 17 gold pieces.

Inventory:

Hand Weapons
 e - a +0 dagger (weapon)
Armour
 a - a +0 robe (worn)
Scrolls
 d - a scroll of identify {unknown}
 f - a scroll of brand weapon {unknown}
Potions
 b - a potion of magic
 c - a potion of lignification {unknown}


   Skills:
 + Level 0.2 Fighting
 + Level 0.3 Armour
 + Level 1.9 Dodging
 + Level 1.8 Stealth
 + Level 2.0 Spellcasting
 * Level 4.5 Necromancy


You had 3 spell levels left.
You knew the following spells:

 Your Spells              Type           Power      Damage    Failure   Level
a - Necrotise             Necr           64%        1d7       3%          1

Your spell library contained the following spells:

 Spells                   Type           Power      Damage    Failure   Level
 Vampiric Draining        Necr           16%        2d7       10%         3
 Animate Dead             Necr           16%        N/A       32%         4
 Agony                    Necr           16%        N/A       65%         5


Dungeon Overview and Level Annotations

Branches:
Dungeon (1/15) Zot: 5748

Altars:


Message History

Your jackal skeleton bites the dart slug.
You closely miss the jackal. The jackal bites you.
Your jackal skeleton bites the dart slug.
The dart slug bites your jackal skeleton.
The jackal closely misses you.
You barely miss the jackal.
Your jackal skeleton bites the dart slug.
The jackal bites you.
* * * LOW HITPOINT WARNING * * *
You hit the jackal.
The jackal is severely wounded.
Your jackal skeleton bites the dart slug.
The jackal completely misses you.
The dart slug bites your jackal skeleton.
Your jackal skeleton is destroyed!
You hit the jackal but do no damage.
The jackal is severely wounded.
The jackal bites you.
* * * LOW HITPOINT WARNING * * *
The jackal bites you.
* * * LOW HITPOINT WARNING * * *
Casting: Necrotise (safe; 3% risk of failure)
Confirm with . or Enter, or press ? or * to list all spells.
Aiming: Necrotise (safe; 3% risk of failure)
Press: ? - help, Shift-Dir - straight line, f - jackal
Aim: a jackal (heavily wounded, chance to affect: 86%)
The jackal writhes in agony.
You kill the jackal!
The dead are walking!
Something bites your jackal skeleton.
You hit the hobgoblin but do no damage. Something bites your jackal skeleton.
Your jackal skeleton is destroyed!
The hobgoblin hits you but does no damage.
You hit the hobgoblin but do no damage. The hobgoblin closely misses you.
You hit the hobgoblin but do no damage. The hobgoblin hits you.
* * * LOW HITPOINT WARNING * * *
You hit the hobgoblin but do no damage. The hobgoblin closely misses you.
You hit the hobgoblin.
The hobgoblin is moderately wounded.
The hobgoblin hits you.
You die...

...###.#...###....##...##
.....#.#+###.....##....#
##.....#.......###....##
.####..#....####.....##
....####.####.......##
...[...#.........#### .
###....#......#### ...
..##...############...#
#...........##..@gw...#
###....####†.#.###h##.#
#....####).....#.#
#..................
.................###
##................#
#.####...........# ..
#.....(>....#
####..........


You could see a dart slug, a jackal and a hobgoblin.

Vanquished Creatures
  A bat (D:1)
  2 jackals (D:1)
3 creatures vanquished.

Vanquished Creatures (collateral kills)
  A jackal (D:1)
  A quokka (D:1)
2 creatures vanquished.

Grand Total: 5 creatures vanquished

Notes
Turn   | Place    | Note
-------+----------+-------------------------------------------
     0 | D:1      | SacredBeard the Demonspawn Necromancer began the quest for
                  | the Orb.
     0 | D:1      | Reached XP level 1. HP: 13/13 MP: 3/3
   251 | D:1      | Slain by a hobgoblin

Illustrated notes

Levels and vault maps discovered:
D:1:      dpeg_arrival_circle_labyrinth_a, layout_basic

Action                     || total
---------------------------++-------
  Melee: Dagger            ||    20
   Cast: Necrotise         ||     7
 Armour: Robe              ||     4
  Dodge: Dodged            ||     9
